 Dungeon Crawl Stone Soup version 0.21-a0-272-g984ae92 (webtiles) character file.

20 tof the Twirler (level 2, 0/22 HPs)
             Began as a Demonspawn Gladiator on Sept 15, 2017.
             Slain by a hobgoblin
             ... wielding a +0 club
              (2 damage)
             ... on level 1 of the Dungeon.
             The game lasted 00:00:46 (247 turns).

tof the Twirler (Demonspawn Gladiator)               Turns: 247, Time: 00:00:47

Health: 0/22       AC:  6    Str: 14    XL:     2   Next: 58%
Magic:  2/2        EV: 13    Int:  9    God:
Gold:   49         SH:  0    Dex: 14    Spells: 1/1 levels left

rFire    . . .     SeeInvis .   a - +0 quarterstaff
rCold    . . .     Gourm    .   (shield currently unavailable)
rNeg     . . .     Faith    .   b - +0 leather armour
rPois    .         Spirit   .   c - +0 helmet
rElec    .         Reflect  .   (no cloak)
rCorr    .         Harm     .   (no gloves)
MR       .....                  (no boots)
Stlth    +.........             (no amulet)
HPRegen  0.07/turn              (no ring)
MPRegen  0.08/turn              (no ring)

@: no status effects
A: yellow scales 1
a: no special abilities


You were on level 1 of the Dungeon.
You were not hungry.

You visited 1 branch of the dungeon, and saw 1 of its levels.

You collected 49 gold pieces.

Inventory:

Hand Weapons
 a - a +0 quarterstaff (weapon)
Missiles
 d - 3 throwing nets (quivered)
Armour
 b - a +0 leather armour (worn)
 c - a +0 helmet (worn)
Scrolls
 g - 2 scrolls of identify {unknown}
 i - a scroll of fog {unknown}
Potions
 e - a potion of degeneration {unknown}
Comestibles
 f - 2 bread rations
 h - 7 chunks of flesh


   Skills:
 + Level 2.1 Fighting
 * Level 3.0 Staves
 + Level 1.9 Throwing
 + Level 1.0 Armour
 + Level 2.8 Dodging


You had one spell level left.
You didn't know any spells.

Dungeon Overview and Level Annotations

Branches:
Dungeon (1/15)

Altars:


Innate Abilities, Weirdness & Mutations

You are partially covered in yellow scales. (AC +2)


Message History

The jackal barely misses you. The hobgoblin barely misses you.
The jackal barely misses you. The jackal bites you.
* * * LOW HITPOINT WARNING * * *
You hit the jackal.
The jackal is almost dead.
The jackal completely misses you.
The jackal bites you but does no damage.
The hobgoblin hits you but does no damage.
You thump the jackal!
You kill the jackal!
The hobgoblin completely misses you.
The jackal bites you but does no damage. x2
You completely miss the jackal. The jackal closely misses you.
The jackal bites you but does no damage.
The hobgoblin barely misses you.
The jackal bites you but does no damage.
You barely miss the jackal. The jackal bites you.
* * * LOW HITPOINT WARNING * * *
The hobgoblin hits you with a club.
You die...

#........#....###
#.....(..#.....
##########....#
.....# #####
#@h.# #hg.# #...#
#...# #...#####
#........
#........
#........
#........


You could see 2 jackals and a hobgoblin.

Vanquished Creatures
  2 giant cockroaches (D:1)
  A goblin (D:1)
  3 hobgoblins (D:1)
  6 jackals (D:1)
  A kobold (D:1)
  2 bats (D:1)
15 creatures vanquished.

Notes
Turn   | Place    | Note
-------+----------+-------------------------------------------
     0 | D:1      | tof the Demonspawn Gladiator began the quest for the Orb.
     0 | D:1      | Reached XP level 1. HP: 16/16 MP: 1/1
    72 | D:1      | Gained mutation: You are partially covered in yellow scales. (AC +2) [demonic ancestry]
    72 | D:1      | Reached XP level 2. HP: 21/22 MP: 2/2
   157 | D:1      | Reached skill level 3 in Staves
   243 | D:1      | Reached skill level 1 in Armour
   247 | D:1      | Slain by a hobgoblin

Vault maps used:
D:1:      mushboom_english_gardens, st_stairs_5

Skill      XL: |  1  2 |
---------------+-------+-----
Staves         | 3 |  3.0
Armour         | 1 |  1.0
Fighting       | |  2.1
Throwing       | |  1.9
Dodging        | |  2.8

Action                   || total
-------------------------++-------
Melee: Quarterstaff      ||    52
Armor: Leather armour    ||    39
Dodge: Dodged            ||    78

Table legend:
 A = Spawn XP
 B = Non-spawn XP
 C = Spawn XP percentage of total XP
 D = Spawn monster count
 E = Non-spawn monster count
 F = Spawn count percentage of total count
 G = Total turns spent on level
                    A         B        C        D         E        F      G
               +---------+---------+-------+---------+---------+-------+---------
         Total |       0 |      29 |   0.0 |       0 |      15 |   0.0 |   247
               +---------+---------+-------+---------+---------+-------+---------
           D:1 |       0 |      29 |   0.0 |       0 |      15 |   0.0 |   247
               +---------+---------+-------+---------+---------+-------+---------
